 Dungeon Crawl Stone Soup version 0.25-a0-502-g6516661a7a (webtiles) character file.

Game seed: 587364073596757428, levelgen mode: deterministic

253 kae the Insei (level 5, -13/42 HPs)
             Began as a Demonspawn Gladiator on Feb 12, 2020.
             Mangled by an ogre
             ... wielding a +0 giant club
              (24 damage)
             ... on level 4 of the Dungeon.
             The game lasted 00:03:11 (3448 turns).

kae the Insei (Demonspawn Gladiator)                Turns: 3448, Time: 00:03:11

Health: -13/42     AC:  9    Str: 12 (14) XL:     5   Next: 90%
Magic:  5/5        EV:  9    Int: 10      God:
Gold:   156        SH:  0    Dex: 12 (15) Spells: 4/4 levels left

rFire    + . .     SeeInvis .     - Unarmed
rCold    . . .     Gourm    .   (no shield)
rNeg     . . .     Faith    .   g - +1 scale mail {rF+}
rPois    .         Spirit   .   b - +0 helmet
rElec    .         Reflect  .   (no cloak)
rCorr    .         Harm     .   (no gloves)
MR       .....                  m - +0 pair of boots
Stlth    ..........             (no amulet)
HPRegen  0.14/turn              (no ring)
MPRegen  0.09/turn              (no ring)

@: lightly drained
A: talons 1, powered by death 1, rot immunity
a: no special abilities


You were on level 4 of the Dungeon.
You were not hungry.

You visited 1 branch of the dungeon, and saw 4 of its levels.

You collected 156 gold pieces.

Inventory:

Missiles
 c - 3 throwing nets (quivered)
Armour
 a - a +0 leather armour
 b - a +0 helmet (worn)
 g - a +1 scale mail of fire resistance (worn)
 m - a +0 pair of boots (worn)
Scrolls
 k - a scroll of enchant armour {unknown}
 n - a scroll of fear {unknown}
Potions
 e - 2 potions of mutation
 f - a potion of lignification
 h - a potion of berserk rage
 j - a potion of invisibility
 l - a potion of flight
 o - a potion of heal wounds {unknown}
Comestibles
 d - 8 rations
 i - 2 chunks of flesh


   Skills:
 + Level 3.9(3.5) Fighting
 - Level 1.7(1.4) Throwing
 - Level 2.6(2.3) Dodging
 * Level 5.2(4.8) Unarmed Combat


You had 4 spell levels left.
You didn't know any spells.
Your spell library was empty.

Dungeon Overview and Level Annotations

Branches:
Dungeon (4/15)             Temple (0/1) D:4

Altars:
Trog
The Shining One


Innate Abilities, Weirdness & Mutations

You have sharp toenails.
You regenerate a little health from kills.
You are immune to rotting.


Message History

You hit the ogre.
The ogre is lightly wounded.
The ogre hits you with a +0 giant club!
You are too injured to fight recklessly!
You are too injured to fight recklessly!
You are too injured to fight recklessly!
You are too injured to fight recklessly!
You are too injured to fight recklessly!
You are too injured to fight recklessly!
You barely miss the ogre.
The ogre is lightly wounded.
You hit the ogre.
The ogre is moderately wounded.
The ogre hits you with a +0 giant club!
* * * LOW HITPOINT WARNING * * *
You hit the ogre.
The ogre is moderately wounded.
The ogre hits you with a +0 giant club!!
Ouch! That really hurt!
You die...

....#...... .....#..%>.#
. !.#.#...#
#.#...#...###
..#.#.......... (......
................
..#.#.##...###...O......
................@....#.
...........###..........
#.........###=......#.#.
#......................
#....##...###.#....#...#
#....##...#......#......
...............#.....>..
.................#......
......#####........#...


You could see an ogre.

Vanquished Creatures
  3 orc wizards (D:4)
  Robin (D:2)
  A gnoll (D:1)
  4 adders
  3 oozes
  A worm (D:3)
  2 dart slugs
  A leopard gecko (D:4)
  9 orcs
  2 ball pythons
  4 giant cockroaches
  15 goblins
  10 hobgoblins
  A quokka (D:4)
  6 bats (D:1)
  3 frilled lizards
  9 kobolds
  8 rats
83 creatures vanquished.

Notes
Turn   | Place    | Note
-------+----------+-------------------------------------------
     0 | D:1      | kae the Demonspawn Gladiator began the quest for the Orb.
     0 | D:1      | Reached XP level 1. HP: 16/16 MP: 1/1
   181 | D:1      | Reached skill level 3 in Unarmed Combat
   213 | D:1      | Gained mutation: You are immune to rotting. [demonic
                  | ancestry]
   213 | D:1      | Reached XP level 2. HP: 14/22 MP: 2/2
   739 | D:1      | Gained mutation: You have sharp toenails. [demonic
                  | ancestry]
   739 | D:1      | Reached XP level 3. HP: 28/28 MP: 3/3
  1147 | D:2      | Found a glowing golden altar of the Shining One.
  1181 | D:2      | Noticed Robin
  1332 | D:2      | Killed Robin
  1332 | D:2      | Reached skill level 4 in Unarmed Combat
  1352 | D:2      | Reached XP level 4. HP: 34/34 MP: 4/4
  1511 | D:2      | Found a faded altar of an unknown god.
  2277 | D:3      | Found a bloodstained altar of Trog.
  2359 | D:3      | Gained mutation: You regenerate a little health from kills.
                  | [demonic ancestry]
  2359 | D:3      | Reached XP level 5. HP: 37/41 MP: 5/5
  3307 | D:4      | Reached skill level 5 in Unarmed Combat
  3441 | D:4      | Noticed an ogre
  3442 | D:4      | Found a staircase to the Ecumenical Temple.
  3448 | D:4      | Mangled by an ogre

Levels and vault maps discovered:
D:1:      wander_arrival_peaceful_grave, layout_basic, moated_statue
D:2:      layout_basic, old_standard_altar, chequers_ecumenical_altar_island,
          uniq_robin
D:3:      layout_basic, lemuel_doored_altar, first_ration,
          chequers_serial_rivers_room_b, skrybe_limestone_x
D:4:      layout_basic, minmay_temple_entry_sparse_star, serial_glass,
          glass_columns_b, glass_columns_b, feat_on_display,
          due_unseen_surprise, minmay_strange_pillars, feat_on_display

Skill      XL: |  1  2  3  4  5 |
---------------+----------------+-----
Unarmed Combat | 3 4 5 |  5.2
Fighting       | 3 |  3.9
Throwing       | |  1.7
Dodging        | |  2.6

Action                   |  1- 3 |  4- 6 || total
-------------------------+-------+-------++-------
Melee: Unarmed           |   161 |   254 ||   415
       Punch             |     2 |     2 ||     4
       Kick              |    17 |     1 ||    18
  Use: Scroll            |     6 |     4 ||    10
       Potion            |     1 |     2 ||     3
  Eat: Chunk             |     1 |     8 ||     9
Armor: Scale mail        |    87 |   118 ||   205
       Leather armour    |     3 |       ||     3
Dodge: Dodged            |   126 |   111 ||   237

Table legend:
 A = Non-vault XP
 B = Vault XP
 C = Vault XP percentage of total XP
 D = Non-vault monster count
 E = Vault monster count
 F = Vault count percentage of total count
                 A         B        C        D         E       F
            +---------+---------+-------+---------+---------+-------
      Total |     327 |      35 |   9.7 |      72 |      11 |  13.3
            +---------+---------+-------+---------+---------+-------
        D:1 |      59 |       6 |   9.2 |      25 |       3 |  10.7
        D:2 |      52 |      29 |  35.8 |      18 |       8 |  30.8
        D:3 |      63 |       0 |   0.0 |      14 |       0 |   0.0
        D:4 |     153 |       0 |   0.0 |      15 |       0 |   0.0
            +---------+---------+-------+---------+---------+-------
